[Event "Team 45 45 League T87"]
[Site "Internet Chess Club"]
[Date "2021.01.08"]
[Round "1"]
[White "Toalla"]
[Black "Rybo88"]
[Result "1/2-1/2"]
[WhiteElo "1204"]
[BlackElo "1439"]
[Opening "QGD: Chigorin defense"]
[ECO "D07"]
[Time "12:05:43"]
[TimeControl "2700+45"]

1. d4 d5 2. c4 Nc6 3. Nc3 Nf6 4. Bg5 dxc4 5. e3 Bg4 6. Qa4 a6 7. Qxc4 e6 8. Be2
Bxe2 9. Ngxe2 Be7 10. O-O O-O 11. Rac1 h6 12. Bh4 Nd5 13. Bxe7 Ndxe7 14. Rfd1
Qd6 15. Ne4 Qd5 16. Qxd5 exd5 17. Nc5 b6 18. Nd3 Rfc8 19. g3 a5 20. a3 Na7 21.
b3 Nb5 22. a4 Nd6 23. Ne5 c5 24. dxc5 bxc5 25. Nf4 d4 26. exd4 cxd4 27. Rxc8+
Rxc8 28. Rxd4 Rc1+ 29. Kg2 Ndf5 30. Rd8+ Kh7 31. Nxf7 Ng6 32. Nxg6 Kxg6 33. g4
Nh4+ 34. Kg3 Rc3+ 35. Kxh4 Kxf7 36. Rd7+ Kf6 37. Rd6+ Kf7 38. g5 Rxb3 39. gxh6
gxh6 40. Rxh6 Rb4+ 41. Kg3 Rxa4 42. Ra6 Ra3+ 43. Kf4 Ra4+ 44. Kg3 Ra3+ 45. f3
Ra1 46. Kg2 Ra2+ 47. Kg3 Ra1 48. h3 Rg1+ 49. Kf2 Rg5 50. f4 Rh5 51. Kg3 Rb5 52.
Kg4 Rc5 53. h4 Rb5 54. f5 Rb4+ 55. Kg5 a4 56. Ra7+ Ke8 57. h5 Kf8 58. h6 Rb1 59.
Rxa4 Rg1+ 60. Kf6 Kg8 61. Ra8+ Kh7 62. Kf7 Rb1 63. Re8 Kxh6 64. f6 Kg5 65. Re5+
Kf4 66. Re7 Kf5 67. Re6 Rb7+ 68. Re7 Rb6 69. Ke8 Kxf6 70. Rf7+ Ke6 71. Re7+ Kf6
72. Rf7+ Ke6 73. Re7+ Kf6 74. Rf7+ Ke6 75. Re7+ Kf6 76. Rf7+ Ke6 77. Re7+ Kf6
78. Rf7+ Ke6 79. Re7+ Kf6 80. Rf7+ Ke6 81. Re7+ Kf6 82. Rf7+ Ke6 83. Re7+ Kf6
84. Rf7+ {Game drawn by repetition} 1/2-1/2

[Event "Team 45 45 League T87"]
[Site "Internet Chess Club"]
[Date "2021.01.09"]
[Round "1"]
[White "oldsj"]
[Black "Conjurer"]
[Result "1-0"]
[WhiteElo "1430"]
[BlackElo "1264"]
[Opening "Sicilian defense"]
[ECO "B33"]
[Time "13:06:22"]
[TimeControl "2700+45"]

1. e4 c5 2. Nf3 Nc6 3. d4 cxd4 4. Nxd4 Nf6 5. Nc3 e6 6. Bg5 Qa5 7. Bxf6 gxf6 8.
Nb3 Qe5 9. Bd3 Nb4 10. O-O a6 11. Re1 b5 12. Qd2 Bb7 13. a3 Nxd3 14. cxd3 Bd6
15. Qh6 O-O-O 16. Ne2 Qxb2 17. Rec1+ Kb8 18. Ned4 Be5 19. Qe3 Bxd4 20. Nxd4 Rc8
21. Rcb1 Qc3 22. Rc1 Qa5 23. Nb3 Rxc1+ 24. Qxc1 Qb6 25. Nc5 Qd6 26. Qe3 Rc8 27.
d4 e5 28. Nxb7 Kxb7 29. d5 Qc5 30. Qxc5 Rxc5 31. g3 f5 32. f3 fxe4 33. fxe4 Rc4
34. Rf1 Rxe4 35. Rxf7 Kc7 36. Rxh7 Rd4 37. h4 Rxd5 38. h5 e4 39. h6 Rg5 40. Rg7
Rh5 41. h7 e3 42. Kf1 Rh2 43. g4 Kc6 44. g5 d5 45. g6 Rh1+ 46. Ke2 d4 47. Rg8
Rh2+ 48. Kf3 Kd7 49. h8=Q Rf2+ 50. Kg3 d3 51. Qd4+ {Black resigns} 1-0

[Event "Team 45 45 League T87"]
[Site "Internet Chess Club"]
[Date "2021.01.09"]
[Round "1"]
[White "nidusin2"]
[Black "fvafier"]
[Result "0-1"]
[WhiteElo "1632"]
[BlackElo "1537"]
[Opening "Queen's pawn: London system"]
[ECO "A45"]
[Time "10:00:32"]
[TimeControl "2700+45"]

1. d4 Nf6 2. Bf4 d5 3. Nc3 e6 4. e3 c5 5. Bb5+ Bd7 6. Bxd7+ Nbxd7 7. Nf3 a6 8.
a4 cxd4 9. exd4 Bb4 10. O-O O-O 11. Qd3 Qb6 12. Ne5 Rac8 13. Ne2 Nxe5 14. dxe5
Ne4 15. c3 Bc5 16. Nd4 Qxb2 17. Be3 Qxc3 18. Qd1 Bxd4 19. Bxd4 Qb4 20. Rb1 Qe7
21. Qd3 Rc4 22. a5 Rfc8 23. f3 Nc5 24. Qe3 Qc7 25. Qd2 Nd7 26. f4 Nc5 27. f5 Ne4
28. Qe3 Rc2 29. fxe6 fxe6 30. Qf4 Nd2 {White resigns} 0-1

[Event "Team 45 45 League T87"]
[Site "Internet Chess Club"]
[Date "2021.01.10"]
[Round "1"]
[White "dalmata"]
[Black "timothysmall56"]
[Result "1/2-1/2"]
[WhiteElo "1556"]
[BlackElo "1731"]
[Opening "Queen's Indian: 4.Nc3"]
[ECO "E12"]
[Time "17:23:07"]
[TimeControl "2700+45"]

1. d4 Nf6 2. c4 e6 3. Nc3 b6 4. Nf3 Bb7 5. Bg5 Be7 6. e3 d5 7. Be2 dxc4 8. Bxc4
Nbd7 9. O-O O-O 10. Qc2 c5 11. Be2 cxd4 12. exd4 Rc8 13. Bxf6 Nxf6 14. Ng5 h6
15. Bf3 Ba6 16. Be2 Bxe2 17. Nxe6 fxe6 18. Qxe2 Rc6 19. Rfd1 Nd5 20. Rac1 Bg5
21. Rc2 Nb4 22. Qb5 Nxc2 23. Qxc6 Qf6 24. Ne4 Qg6 25. Qxc2 Rf4 26. f3 {Game
drawn by mutual agreement} 1/2-1/2

[Event "Team 45 45 League T87"]
[Site "Internet Chess Club"]
[Date "2021.01.06"]
[Round "1"]
[White "fireball"]
[Black "DaveTheRook"]
[Result "1-0"]
[WhiteElo "1488"]
[BlackElo "1494"]
[Opening "Sicilian: Smith-Morra gambit"]
[ECO "B21"]
[Time "18:00:43"]
[TimeControl "2700+45"]

1. e4 c5 2. d4 cxd4 3. c3 dxc3 4. Nxc3 Nc6 5. Nf3 e6 6. Bc4 a6 7. O-O d6 8. Qe2
Be7 9. Rd1 Bd7 10. e5 dxe5 11. Nxe5 Nxe5 12. Qxe5 Nf6 13. Ne4 O-O 14. h3 Rc8 15.
Bb3 Qc7 16. Qxc7 Rxc7 17. Bf4 Nxe4 18. Bxc7 Bc6 19. Bb6 Rc8 20. Rac1 Bg5 21. Rc2
Be7 22. Re1 Bb4 23. Rxe4 {Black resigns} 1-0

[Event "Team 45 45 League T87"]
[Site "Internet Chess Club"]
[Date "2021.01.10"]
[Round "1"]
[White "Denis240964"]
[Black "tamky70"]
[Result "1-0"]
[WhiteElo "1395"]
[BlackElo "1283"]
[Opening "Alekhine's defense: exchange variation"]
[ECO "B02"]
[Time "09:00:30"]
[TimeControl "2700+45"]

1. e4 Nf6 2. e5 Nd5 3. c4 Nb6 4. d4 d6 5. exd6 cxd6 6. Nf3 Bg4 7. b3 N8d7 8. Be2
g6 9. O-O Bg7 10. Be3 O-O 11. h3 Bxf3 12. Bxf3 Rb8 13. Nc3 e5 14. Nb5 Nf6 15.
Nxa7 e4 16. Be2 Nc8 17. Nb5 Ne7 18. Qd2 Nf5 19. Bf4 Re8 20. Rad1 h6 21. g4 g5
22. gxf5 gxf4 23. Qxf4 d5 24. c5 Re7 25. Nd6 Ra8 26. a4 Qa5 27. Qd2 Qc7 28. Qb4
Qc8 29. Nxc8 Rxc8 30. c6 Rec7 31. cxb7 Rb8 32. Ba6 Bf8 33. Qb6 Ne8 34. Qa7 Rd8
35. Qb6 Rb8 36. Rc1 Bd6 37. Rxc7 Bxc7 38. Qxh6 Rd8 39. Rc1 Rd6 40. Qg5+ Kf8 41.
Rxc7 Nxc7 42. b8=Q+ {Black resigns} 1-0

[Event "Team 45 45 League T87"]
[Site "Internet Chess Club"]
[Date "2021.01.10"]
[Round "1"]
[White "Ajolote"]
[Black "Sloggi"]
[Result "1-0"]
[WhiteElo "2063"]
[BlackElo "1940"]
[Opening "Caro-Kann: advance variation"]
[ECO "B12"]
[Time "22:03:43"]
[TimeControl "2700+45"]

1. e4 c6 2. d4 d5 3. e5 Bf5 4. h4 h5 5. c4 e6 6. Nc3 Ne7 7. Nge2 Nd7 8. Ng3 Bg6
9. Bg5 Qb6 10. Rc1 dxc4 11. Bxc4 O-O-O 12. Qe2 Qxd4 13. O-O Qxe5 14. Qf3 Nb6 15.
Rfe1 Qa5 16. Bxe6+ fxe6 17. Rxe6 Rd7 18. Bxe7 Bxe7 19. Rxg6 Bxh4 20. Nge4 Qb4
21. Qf4 Be7 22. Rxg7 Qxb2 23. Re1 Nd5 24. Qe5 Rhd8 25. f4 Nxc3 26. Rxe7 Ne2+ 27.
Rxe2 {Black resigns} 1-0

[Event "Team 45 45 League T87"]
[Site "Internet Chess Club"]
[Date "2021.01.06"]
[Round "1"]
[White "ArturitoGalacti"]
[Black "McDreasor"]
[Result "1/2-1/2"]
[WhiteElo "1823"]
[BlackElo "1903"]
[Opening "King's Indian: Sämisch, orthodox, 7.d5 c6"]
[ECO "E88"]
[Time "15:01:51"]
[TimeControl "2700+45"]

1. c4 Nf6 2. Nc3 g6 3. e4 d6 4. d4 Bg7 5. f3 O-O 6. Be3 e5 7. d5 c6 8. Qd2 cxd5
9. Nxd5 Nxd5 10. cxd5 Nd7 11. Bd3 f5 12. O-O-O Nf6 13. Ne2 fxe4 14. Bxe4 Nxe4
15. fxe4 Bg4 16. Kb1 b5 17. Rc1 Bd7 18. Ng3 a5 19. h4 Rc8 20. Rxc8 Bxc8 21. h5
Qd7 22. hxg6 hxg6 23. Bh6 Bxh6 24. Qxh6 Qg7 25. Qh4 Rf6 26. Rf1 Rxf1+ 27. Nxf1
Qf8 {Game drawn by mutual agreement} 1/2-1/2

[Event "Team 45 45 League T87"]
[Site "Internet Chess Club"]
[Date "2021.01.11"]
[Round "1"]
[White "ErnestoRondon"]
[Black "Tufnell"]
[Result "0-1"]
[WhiteElo "1891"]
[BlackElo "1768"]
[Opening "Sicilian: Alapin's variation (2.c3)"]
[ECO "B22"]
[Time "15:00:31"]
[TimeControl "2700+45"]

1. e4 c5 2. c3 Nf6 3. e5 Nd5 4. d4 cxd4 5. cxd4 d6 6. Nf3 Nc6 7. Nc3 dxe5 8.
dxe5 Ndb4 9. Qb3 Be6 10. Qa4 Bf5 11. Rb1 Nc2+ 12. Ke2 Qd3# {White checkmated}
0-1

[Event "Team 45 45 League T87"]
[Site "Internet Chess Club"]
[Date "2021.01.11"]
[Round "1"]
[White "room-matt"]
[Black "filmdirector"]
[Result "1-0"]
[WhiteElo "1799"]
[BlackElo "1634"]
[Opening "Bishop's opening/Petrov: Urusov gambit"]
[ECO "C24"]
[Time "13:13:09"]
[TimeControl "2700+45"]

1. e4 e5 2. Bc4 Nf6 3. d4 exd4 4. Nf3 d6 5. Ng5 d5 6. exd5 Nxd5 7. Qe2+ Be7 8.
Nxf7 Kxf7 9. Qf3+ Bf6 10. Bxd5+ Kf8 11. O-O Nd7 12. Bf4 Nb6 13. Bxb7 Rb8 14. Bc6
Bd7 15. Re1 Bxc6 16. Qxc6 Nd5 17. Qc5+ Kf7 18. Bc1 Nb4 19. a3 Nd5 20. Nd2 Qd7
21. Ne4 Rhe8 22. Qxa7 Qf5 23. Nd6+ Kg6 24. Nxe8 Rd8 25. Qc5 Bh4 26. Qxd4 Rd7 27.
Qxh4 {Black resigns} 1-0

[Event "Team 45 45 League T87"]
[Site "Internet Chess Club"]
[Date "2021.01.11"]
[Round "1"]
[White "cool64chess"]
[Black "MacroPawn"]
[Result "1-0"]
[WhiteElo "1988"]
[BlackElo "1855"]
[Opening "King's Indian: Sämisch, 5...O-O"]
[ECO "E81"]
[Time "23:00:35"]
[TimeControl "2700+45"]

1. d4 Nf6 2. c4 g6 3. Nc3 Bg7 4. e4 d6 5. f3 O-O 6. Be3 c5 7. Nge2 cxd4 8. Nxd4
Nc6 9. Be2 Nd7 10. Qd2 a6 11. O-O Nxd4 12. Bxd4 Bxd4+ 13. Qxd4 Qb6 14. Rfd1
Qxd4+ 15. Rxd4 Ne5 16. Nd5 Nc6 17. Rd2 Be6 18. Kf2 Rac8 19. Rc1 f5 20. exf5 Bxf5
21. c5 dxc5 22. Rxc5 Rcd8 23. Bxa6 Nb4 24. Nxe7+ Kf7 25. Rxd8 Rxd8 26. Nxf5 bxa6
27. Rc7+ Kf6 28. Ne3 Rd2+ 29. Kg3 Rxb2 30. a3 Nd3 31. Rxh7 Ra2 32. Nd5+ Ke6 33.
Nb4 Rxa3 34. Nxd3 Rxd3 35. Ra7 Ra3 36. Kh4 Ra2 37. g4 Kf6 38. Kg3 g5 39. h4
gxh4+ 40. Kxh4 a5 41. Ra6+ Kf7 42. Kg5 a4 43. f4 a3 44. f5 {Black resigns} 1-0

[Event "Team 45 45 League T87"]
[Site "Internet Chess Club"]
[Date "2021.01.08"]
[Round "1"]
[White "cadmiumorange"]
[Black "fhunfi"]
[Result "1/2-1/2"]
[WhiteElo "1840"]
[BlackElo "1818"]
[Opening "French: Winawer (Nimzovich) variation"]
[ECO "C15"]
[Time "09:00:48"]
[TimeControl "2700+45"]

1. d4 e6 2. Nc3 Bb4 3. e4 d5 4. exd5 exd5 5. Bd3 c6 6. Qf3 Qf6 7. Bf4 Ne7 8. Qg3
Nd7 9. Ne2 Ng6 10. Bg5 Qd6 11. Qe3+ Ne7 12. a3 Bxc3+ 13. Nxc3 Nf6 14. Bf4 {Game
drawn by mutual agreement} 1/2-1/2

[Event "Team 45 45 League T87"]
[Site "Internet Chess Club"]
[Date "2021.01.06"]
[Round "1"]
[White "KidRattler"]
[Black "pishd"]
[Result "1/2-1/2"]
[WhiteElo "1771"]
[BlackElo "1842"]
[Opening "Queen's bishop game"]
[ECO "D00"]
[Time "12:04:52"]
[TimeControl "2700+45"]

1. d4 d5 2. Bf4 Nf6 3. Nf3 c5 4. e3 cxd4 5. exd4 Nc6 6. c3 Bg4 7. Be2 e6 8. Nbd2
Bd6 9. Ne5 Bxe2 10. Qxe2 O-O 11. O-O Qc7 12. Rfe1 Nd7 13. Nxd7 Qxd7 14. Bxd6
Qxd6 15. g3 b5 16. b4 Rfb8 17. Nb3 a5 18. a3 h6 19. Nc5 a4 20. f4 Ne7 21. Qe5
Qxe5 22. Rxe5 Ra7 23. Kf2 Nf5 24. Rae1 g6 25. g4 Nd6 26. R5e2 Kg7 27. h4 Nc4 28.
Ra2 g5 29. fxg5 hxg5 {Game drawn by mutual agreement} 1/2-1/2

[Event "Team 45 45 League T87"]
[Site "Internet Chess Club"]
[Date "2021.01.10"]
[Round "1"]
[White "walkover"]
[Black "cayo89"]
[Result "1-0"]
[WhiteElo "1693"]
[BlackElo "1492"]
[Opening "Old Indian defense"]
[ECO "A53"]
[Time "12:19:14"]
[TimeControl "2700+45"]

1. d4 Nf6 2. c4 d6 3. Nc3 Nbd7 4. e4 e5 5. d5 Nc5 6. f3 a5 7. Be3 c6 8. Qd2 Qc7
9. Nge2 Be7 10. Nc1 O-O 11. Be2 a4 12. O-O Ne8 13. Nd3 Nxd3 14. Bxd3 f5 15. f4
g6 16. fxe5 dxe5 17. c5 cxd5 18. Nxd5 Qd8 19. Nxe7+ Qxe7 20. Qc3 Ng7 21. c6 Rf7
22. cxb7 Bxb7 23. Bc4 Bxe4 24. Bxf7+ Kxf7 25. Qc4+ Ne6 26. Qxe4 {Black resigns}
1-0

[Event "Team 45 45 League T87"]
[Site "Internet Chess Club"]
[Date "2021.01.10"]
[Round "1"]
[White "room-matt"]
[Black "bobhill"]
[Result "0-1"]
[WhiteElo "1789"]
[BlackElo "1849"]
[Opening "Sicilian: dragon, Yugoslav attack, 9...Bd7"]
[ECO "B77"]
[Time "09:06:45"]
[TimeControl "2700+45"]

1. e4 c5 2. Nf3 d6 3. d4 cxd4 4. Nxd4 Nf6 5. Nc3 g6 6. Be3 Bg7 7. f3 Nc6 8. Qd2
O-O 9. Bc4 Bd7 10. h4 Qa5 11. Bb3 Rfc8 12. Rd1 Ne5 13. h5 Nxh5 14. Bh6 Bxh6 15.
Qxh6 Rxc3 16. bxc3 Qxc3+ 17. Qd2 Qxd2+ 18. Rxd2 Rc8 19. Ne2 Bb5 20. Rh4 Nc4 21.
Rd3 Nf6 22. Nd4 Ba6 23. g4 Na5 24. Rd2 Nxb3 25. axb3 Rc3 26. g5 Nh5 27. Kf2 e5
28. Ne2 Bxe2 29. Kxe2 Nf4+ 30. Kd1 Rxf3 31. Rxd6 Rf1+ 32. Kd2 Rf2+ 33. Kc1 Ne2+
34. Kb2 Nd4 35. Kb1 Nxc2 36. Rd7 Nd4 37. Rxb7 Rg2 38. Rxa7 Nxb3 39. Ra3 Nd4 40.
Rah3 Rxg5 41. Rxh7 Rg4 42. Rh8+ Kg7 43. R8h7+ Kf6 44. Re3 Rf4 45. Rh2 g5 46. Rg2
Kg6 47. Rb2 f6 48. Rb8 Kh5 49. Kb2 Kg4 50. Kc3 Rf1 51. Rf8 Rc1+ 52. Kd2 Rc2+ 53.
Kd3 Rf2 54. Re1 Rf3+ 55. Kc4 Kg3 56. Kd5 Kf2 57. Rh1 g4 58. Rh6 g3 59. Rg6 Rf4
60. Rfxf6 Rxf6 61. Rxf6+ Nf3 62. Rg6 g2 63. Rg7 g1=Q 64. Rxg1 Kxg1 65. Ke6 Kf2
66. Kf6 Ke3 67. Kf5 Kd4 {White resigns} 0-1

[Event "Team 45 45 League T87"]
[Site "Internet Chess Club"]
[Date "2021.01.10"]
[Round "1"]
[White "LookImYourVader"]
[Black "pishd"]
[Result "0-1"]
[WhiteElo "1774"]
[BlackElo "1855"]
[Opening "French: exchange variation"]
[ECO "C01"]
[Time "12:05:39"]
[TimeControl "2700+45"]

1. e4 e6 2. d4 d5 3. exd5 exd5 4. c4 Nf6 5. Nc3 Bb4 6. Bd3 dxc4 7. Bxc4 O-O 8.
Ne2 Nbd7 9. O-O Nb6 10. Bb3 c6 11. Bg5 h6 12. Bh4 Re8 13. Qd3 Be6 14. Bc2 Bc4
15. Bxf6 Bxd3 16. Bxd8 Bxe2 17. Nxe2 Raxd8 18. Bd3 Nd5 19. Rfd1 Rd6 20. a3 Ba5
21. b4 Bb6 22. b5 cxb5 23. Bxb5 Red8 24. Bc4 Nf6 25. Kf1 Bxd4 26. Nxd4 Rxd4 27.
Rxd4 Rxd4 28. Be2 Kf8 29. Bf3 Ne4 30. Bxe4 Rxe4 31. Rc1 Ke8 32. Rc7 Re7 33. Rc4
Kd7 34. h4 b5 35. Rg4 f6 36. a4 a6 37. axb5 axb5 38. Rd4+ Kc6 39. Rd8 b4 40.
Rc8+ Kb5 41. Rb8+ Kc4 42. g3 b3 43. f4 Kc3 44. Kf2 Rc7 45. Ke3 b2 {White
resigns} 0-1

[Event "Team 45 45 League T87"]
[Site "Internet Chess Club"]
[Date "2021.01.10"]
[Round "1"]
[White "Zugzwanged"]
[Black "rookmaster23"]
[Result "1-0"]
[WhiteElo "1721"]
[BlackElo "1669"]
[Opening "Sicilian: Grand Prix attack"]
[ECO "B23"]
[Time "13:05:40"]
[TimeControl "2700+45"]

1. e4 c5 2. Nc3 Nc6 3. f4 g6 4. Nf3 Bg7 5. Bb5 Nd4 6. O-O a6 7. Bd3 d6 8. Nxd4
Bxd4+ 9. Kh1 Nf6 10. Ne2 Ng4 11. Nxd4 cxd4 12. h3 Nf6 13. e5 dxe5 14. fxe5 Nh5
15. Qf3 Be6 16. Be4 O-O 17. Bxb7 Ra7 18. Be4 Qc7 19. g4 Ng7 20. Qf4 Rd8 21. b3
Qc5 22. Bb2 Bd5 23. Qf3 Bxe4 24. Qxe4 Rad7 25. Qf3 e6 26. Qe4 Qd5 27. Rae1 Qa5
28. a4 Qxd2 29. Rd1 Qe3 30. Qxe3 dxe3 31. Rxd7 Rxd7 32. Re1 Rd2 33. Rxe3 Rxc2
34. Ba3 h5 35. Rd3 Re2 36. Rd8+ Kh7 37. Bd6 Re3 38. Kg2 Rxb3 39. Ra8 Rb2+ 40.
Kg3 Rb3+ 41. Kh4 hxg4 42. hxg4 Rd3 43. Kg5 Rd5 44. Rxa6 Ne8 45. Kf4 Rd4+ 46. Kf3
Kg7 47. a5 g5 48. Rb6 Ra4 49. a6 Kg6 50. Bb8 Ra3+ 51. Ke2 Ra4 52. a7 Kg7 53. Rc6
Kf8 54. Rc8 Ke7 55. Bd6+ {Black resigns} 1-0

[Event "Team 45 45 League T87"]
[Site "Internet Chess Club"]
[Date "2021.01.07"]
[Round "1"]
[White "Mitochondria"]
[Black "dalmata"]
[Result "1/2-1/2"]
[WhiteElo "1577"]
[BlackElo "1548"]
[Opening "QGD: Neo-orthodox variation, 7.Bh4"]
[ECO "D56"]
[Time "15:00:15"]
[TimeControl "2700+45"]

1. d4 e6 2. c4 d5 3. Nc3 Nf6 4. Bg5 Be7 5. Nf3 h6 6. Bh4 O-O 7. e3 c6 8. Be2
Nbd7 9. O-O Ne4 10. Bxe7 Qxe7 11. Nxe4 dxe4 12. Nd2 Nf6 13. Qc2 e5 14. Nxe4 exd4
15. Nxf6+ Qxf6 16. exd4 Qxd4 17. Rad1 Qf6 18. Rd2 Bf5 19. Bd3 Bxd3 20. Rxd3 Rad8
21. Rf3 Qe6 22. Re3 Qf6 23. Rfe1 b6 24. Re7 a5 25. h3 c5 26. Rb7 Rfe8 27. Rc1
{Game drawn by mutual agreement} 1/2-1/2

[Event "Team 45 45 League T87"]
[Site "Internet Chess Club"]
[Date "2021.01.09"]
[Round "1"]
[White "Draconian"]
[Black "fledermaus"]
[Result "0-1"]
[WhiteElo "1601"]
[BlackElo "1903"]
[Opening "Sicilian: Taimanov variation"]
[ECO "B45"]
[Time "15:00:28"]
[TimeControl "2700+45"]

1. e4 c5 2. Nf3 e6 3. Nc3 Nc6 4. d4 cxd4 5. Nxd4 Nf6 6. Ndb5 Bc5 7. Nd6+ Ke7 8.
Nxc8+ Rxc8 9. Be2 Re8 10. O-O Kf8 11. Bg5 Be7 12. Qd2 Qa5 13. Rad1 Red8 14. f4
d6 15. f5 Ne5 16. fxe6 fxe6 17. Bxf6 Bxf6 18. Rxf6+ gxf6 19. Qh6+ Ke7 20. Qg7+
Nf7 21. Rd5 Qb6+ 22. Kf1 Rxc3 23. Bh5 Rf8 24. bxc3 exd5 25. Qxh7 Qb1+ 26. Kf2
Qxc2+ 27. Ke3 Qxe4+ 28. Qxe4+ dxe4 29. Kxe4 Rh8 30. Bxf7 Kxf7 31. Kf5 Rxh2 32.
c4 Rxg2 33. c5 dxc5 34. a4 c4 35. a5 c3 36. a6 bxa6 37. Kf4 c2 38. Kf5 c1=Q 39.
Ke4 Qc4+ 40. Kf3 Rb2 41. Ke3 Rb3+ 42. Kd2 Qc3+ 43. Ke2 Rb2+ 44. Kd1 Qd3+ 45. Ke1
Qe2# {White checkmated} 0-1

[Event "Team 45 45 League T87"]
[Site "Internet Chess Club"]
[Date "2021.01.10"]
[Round "1"]
[White "MathBandit"]
[Black "Manas"]
[Result "1-0"]
[WhiteElo "1666"]
[BlackElo "1614"]
[Opening "Sicilian: Smith-Morra gambit"]
[ECO "B21"]
[Time "07:26:07"]
[TimeControl "2700+45"]

1. e4 c5 2. d4 cxd4 3. c3 dxc3 4. Nxc3 Nc6 5. Nf3 d6 6. Bc4 Bd7 7. O-O Nf6 8.
Bg5 e6 9. Rc1 a6 10. Re1 Be7 11. e5 dxe5 12. Nxe5 Nxe5 13. Rxe5 Qc7 14. Qd4 h6
15. Bf4 Bd6 16. Rd1 Bxe5 17. Bxe5 Qd8 18. Ne4 Nxe4 19. Qxe4 O-O 20. Qg4 g6 21.
Bc3 Qe7 22. Qd4 e5 23. Qxd7 Qc5 24. Bb3 Rad8 25. Qxd8 Rxd8 26. Rxd8+ Kg7 27. Rd7
g5 28. Rxb7 Qd6 29. Rxf7+ Kg6 30. Rf3 h5 31. Re3 g4 32. Rxe5 Qd3 33. Re1 h4 34.
Rd1 Qe4 35. Re1 Qd3 36. Rc1 Kg5 37. Bc2 Qd5 38. Re1 Qxa2 39. Re5+ Kh6 40. Ra5
Qc4 41. Re5 Qf4 42. Re3 Qd6 43. Re4 Qg6 44. Re2 Qc6 45. Re3 Kg5 46. h3 Qc4
{Black resigns} 1-0

[Event "Team 45 45 League T87"]
[Site "Internet Chess Club"]
[Date "2021.01.09"]
[Round "1"]
[White "BrianWood"]
[Black "korchnoichess1"]
[Result "0-1"]
[WhiteElo "1592"]
[BlackElo "1577"]
[Opening "Queen's Indian: old main line, 7.Nc3"]
[ECO "E18"]
[Time "17:00:16"]
[TimeControl "2700+45"]

1. Nf3 e6 2. c4 b6 3. g3 Bb7 4. Bg2 Be7 5. d4 Nf6 6. Nc3 O-O 7. O-O d6 8. Qc2
Nbd7 9. e4 e5 10. d5 Ne8 11. b4 g6 12. Bb2 Ng7 13. Ne1 f5 14. f4 Bf6 15. fxe5
Nxe5 16. Ne2 Ba6 17. b5 Bc8 18. a4 Bd7 19. a5 Qe7 20. axb6 axb6 21. Rxa8 Rxa8
22. Nd3 Ng4 23. Bxf6 Qxf6 24. Qc3 Qxc3 25. Nxc3 Ra3 26. Rc1 Ne3 27. Nf2 Nxc4 28.
Bf1 Nd2 29. Nb1 Nxb1 30. Rxb1 Rc3 31. exf5 Nxf5 32. Bh3 Rc5 33. Bg2 Ne3 34. Ne4
Bf5 35. Nxc5 Bxb1 36. Ne6 Nxg2 37. Nxc7 Ne3 38. Ne8 Nxd5 39. Nxd6 Kf8 40. Kf2
Ke7 {White resigns} 0-1

[Event "Team 45 45 League T87"]
[Site "Internet Chess Club"]
[Date "2021.01.08"]
[Round "1"]
[White "ILRE"]
[Black "Kingofknights"]
[Result "0-1"]
[WhiteElo "1572"]
[BlackElo "1562"]
[Opening "Queen's pawn, Mason variation"]
[ECO "D00"]
[Time "12:00:14"]
[TimeControl "2700+45"]

1. d4 d5 2. Bf4 Nf6 3. e3 a6 4. Bd3 Bg4 5. Be2 Bxe2 6. Qxe2 e6 7. Nd2 c5 8. c3
Nc6 9. h3 Be7 10. Ngf3 O-O 11. O-O b5 12. dxc5 Bxc5 13. a3 Re8 14. Ne5 Nxe5 15.
Bxe5 Nd7 16. Bg3 Nb6 17. Qg4 Qf6 18. Nf3 Nc4 19. Rab1 Bd6 20. Bxd6 Nxd6 21. Qg5
Qxg5 22. Nxg5 f6 23. Nf3 Ne4 24. Rfd1 Kf7 25. Nd4 Red8 26. f3 Nd6 27. Kf2 Nc4
28. Nb3 Rac8 29. Nd2 Rb8 30. Nb3 e5 31. f4 Rd6 32. f5 Rc8 33. Re1 a5 34. Re2 a4
35. Nd2 e4 36. Nxc4 dxc4 37. Rc1 g5 38. fxg6+ hxg6 39. g4 Rcd8 40. Rcc2 Ke6 41.
Kg3 Rd1 42. h4 R8d3 43. Kg2 Ke5 44. h5 gxh5 45. gxh5 Kf5 46. h6 Kg6 47. h7 Kxh7
48. Kg3 Rf1 49. Rh2+ Kg6 50. Rce2 Rf3+ 51. Kg4 f5+ 52. Kh4 Rfxe3 53. Rhg2+ Kf6
54. Rxe3 Rxe3 55. Rd2 Rd3 56. Rg2 Ke5 57. Kg5 f4 58. Kg6 Rg3+ {White resigns}
0-1

[Event "Team 45 45 League T87"]
[Site "Internet Chess Club"]
[Date "2021.01.10"]
[Round "1"]
[White "julesraider"]
[Black "Pawnchain"]
[Result "1-0"]
[WhiteElo "1565"]
[BlackElo "1396"]
[Opening "Queen's pawn game, Chigorin variation"]
[ECO "D02"]
[Time "16:00:36"]
[TimeControl "2700+45"]

1. d4 d5 2. Nf3 Nc6 3. Bf4 Bg4 4. Nbd2 Nf6 5. h3 Bh5 6. c3 e6 7. e3 Bd6 8. g4
Bg6 9. Nh4 Bxf4 10. Nxg6 hxg6 11. exf4 Qd6 12. Qf3 Ne7 13. Bd3 Nd7 14. O-O-O
O-O-O 15. f5 gxf5 16. gxf5 exf5 17. Bxf5 Nxf5 18. Qxf5 Qf6 19. Qxd5 Nb6 20. Qg2
g6 21. Rde1 Qf5 22. Re5 Qf4 23. Qg3 Qxg3 24. fxg3 Rhe8 25. Rhe1 Rxe5 26. Rxe5
Rh8 27. h4 Kd7 28. b3 f6 29. Re2 c6 30. Kc2 g5 31. hxg5 fxg5 32. Ne4 Nd5 33.
Nxg5 Rg8 34. Ne4 Rg6 35. a3 Rg4 36. c4 Rxe4 37. Rxe4 Ne3+ 38. Rxe3 {Black
resigns} 1-0

[Event "Team 45 45 League T87"]
[Site "Internet Chess Club"]
[Date "2021.01.09"]
[Round "1"]
[White "smsxman"]
[Black "MartyJR"]
[Result "1/2-1/2"]
[WhiteElo "1429"]
[BlackElo "1584"]
[Opening "Sicilian: closed, 2...Nc6"]
[ECO "B23"]
[Time "12:00:25"]
[TimeControl "2700+45"]

1. e4 c5 2. Nc3 Nc6 3. Nf3 g6 4. Bb5 Bg7 5. Bxc6 dxc6 6. O-O Nf6 7. e5 Nd5 8.
Ne4 b6 9. d4 Bg4 10. Qd3 Bxf3 11. gxf3 cxd4 12. Qxd4 O-O 13. f4 Qc7 14. c4 Nb4
15. Qc3 Na6 16. Be3 c5 17. a3 Rad8 18. Rad1 Nb8 19. Rd2 Rxd2 20. Nxd2 Rd8 21.
Ne4 Nc6 22. b4 cxb4 23. axb4 Nb8 24. b5 Rc8 25. Nd2 Nd7 26. Rc1 Nc5 27. Qa3 Rd8
28. Nb3 Rd3 29. Rb1 Nxb3 30. Rxb3 Rd1+ 31. Kg2 Qb7+ 32. f3 Bf8 33. Qb2 e6 34.
Qc2 Rd8 35. Rc3 Bc5 36. Bxc5 bxc5 37. Rd3 Rd4 38. Rxd4 cxd4 39. Qd3 Qd7 40. Kf2
Kg7 41. Ke2 Kh6 42. Qd2 Kg7 43. Qd3 Kh6 44. Qd2 {Game drawn by mutual agreement}
1/2-1/2

[Event "Team 45 45 League T87"]
[Site "Internet Chess Club"]
[Date "2021.01.08"]
[Round "1"]
[White "Balderdash"]
[Black "Tjet"]
[Result "0-1"]
[WhiteElo "1182"]
[BlackElo "1315"]
[Opening "King's pawn opening"]
[ECO "B07"]
[Time "20:00:47"]
[TimeControl "2700+45"]

1. e4 d6 2. d4 e5 3. d5 c5 4. Bb5+ Bd7 5. Bxd7+ Nxd7 6. c4 g6 7. Nc3 Bg7 8. Nf3
Ne7 9. Bg5 O-O 10. Qd2 f6 11. Bh6 a6 12. Bxg7 Kxg7 13. h3 f5 14. Ng5 Rf6 15.
Ne6+ Rxe6 16. dxe6 Nf8 17. Nd5 Nxe6 18. Nxe7 Qxe7 19. O-O-O Nd4 20. Qd3 fxe4 21.
Qxe4 Rf8 22. f3 b5 23. h4 bxc4 24. h5 Qg5+ 25. f4 Qxf4+ 26. Qxf4 Rxf4 27. g3 Rf2
28. h6+ Kg8 29. Rd2 Rf6 30. g4 Rf4 31. Rg1 c3 32. bxc3 Nf3 33. Rgd1 Nxd2 34.
Rxd2 Rf6 35. g5 Re6 36. Rb2 d5 37. Rb8+ Kf7 38. Rb7+ Re7 39. Rb6 d4 40. Rf6+ Kg8
41. cxd4 cxd4 42. Rxa6 e4 43. Kd2 e3+ 44. Kd3 e2 45. Ra8+ Kf7 46. Rh8 e1=Q 47.
Rxh7+ Ke6 48. Rh8 Qe3+ 49. Kc2 Rc7+ 50. Kb2 Qc3+ {White resigns} 0-1

[Event "Team 45 45 League T87"]
[Site "Internet Chess Club"]
[Date "2021.01.06"]
[Round "1"]
[White "xingon"]
[Black "oldbookseller"]
[Result "1-0"]
[WhiteElo "1402"]
[BlackElo "1050"]
[Opening "Queen's pawn, Mason variation"]
[ECO "D00"]
[Time "21:00:10"]
[TimeControl "2700+45"]

1. d4 d5 2. Bf4 g6 3. Nc3 Nf6 4. Qd2 Bg7 5. O-O-O Bf5 6. f3 O-O 7. g4 Be6 8. h4
Nbd7 9. h5 c5 10. hxg6 fxg6 11. Bh6 Rf7 12. e4 dxe4 13. Nxe4 Bxa2 14. Ng5 Nd5
15. Nxf7 Qc7 16. Bxg7 Kxg7 17. Ng5 c4 18. Rxh7+ Kf6 19. Rf7# {Black checkmated}
1-0